 Dungeon Crawl Stone Soup version 0.28.0-43-g3370ac3207 (webtiles) character file.

Game seed: 11450998832649188772

3274 croobank the Sneak (level 10, -4/73 HPs)
             Began as a Gnoll Enchanter on Mar 9, 2022.
             Was an Initiate of Hepliaklqana.
             Slain by a wyvern zombie (10 damage)
             ... on level 8 of the Dungeon.
             The game lasted 00:49:28 (10681 turns).

croobank the Sneak (Gnoll Enchanter)               Turns: 10681, Time: 00:49:31

Health: -4/73      AC: 14    Str:  8    XL:     10   Next: 0%
Magic:  0/20       EV: 12    Int: 18    God:    Hepliaklqana [......]
Gold:   482        SH:  0    Dex: 13    Spells: 11/23 levels left

rFire   + . .      SeeInvis .   m - +3 falchion (freeze)
rCold   . . .      Faith    .   (no shield)
rNeg    . . .      Spirit   +   f - +3 ring mail {rF+}
rPois   .          Reflect  .   l - +0 helmet
rElec   .          Harm     .   n - +2 cloak
rCorr   .          Rampage  .   (no gloves)
Will    +....                   q - +0 pair of boots
Stlth   +++.......              C - amulet of guardian spirit
HPRegen 0.22/turn               i - ring of willpower
MPRegen 0.17/turn               z - ring of wizardry

@: studying Shields
A: fangs 1, strong nose, distributed training
a: Renounce Religion


You were on level 8 of the Dungeon.
You worshipped Hepliaklqana.
Hepliaklqana was noncommittal.
You visited 2 branches of the dungeon, and saw 10 of its levels.

You collected 482 gold pieces.

Inventory:

Hand Weapons
 a - a +1 dagger
 b - a +1 hunting sling of flaming
 m - a +3 falchion of freezing (weapon)
 o - a +2 spear of flaming
 u - a +2 vorpal flail
 D - a +1 trident of protection
 G - a +0 long sword
 J - a +1 dire flail of protection
Missiles
 c - 14 poisoned darts
 d - 176 stones (quivered)
 e - 81 arrows
 s - 34 sling bullets
 y - 3 javelins
 A - 31 bolts
 F - 4 throwing nets
Armour
 f - a +3 ring mail of fire resistance (worn)
 l - a +0 helmet (worn)
 n - a +2 cloak (worn)
 q - a +0 pair of boots (worn)
 r - a +0 leather armour
 E - a +0 kite shield
Jewellery
 h - an amulet of faith
 i - a ring of willpower (left hand)
 x - a ring of flight
 z - a ring of wizardry (right hand)
 C - an amulet of guardian spirit (around neck)
Wands
 v - a wand of digging (4)
 B - a wand of charming (8)
Scrolls
 g - 2 scrolls of fog
 k - 2 scrolls of magic mapping
 t - a scroll of summoning {unknown}
 w - a scroll of amnesia
 H - a scroll of brand weapon {unknown}
 I - 2 scrolls of teleportation
 K - a scroll of blinking
Potions
 j - a potion of cancellation
 p - a potion of flight


   Skills:
 + Level 4.8 Fighting
 + Level 5.5 Short Blades
 + Level 4.8 Long Blades
 + Level 4.8 Axes
 + Level 4.8 Maces & Flails
 + Level 4.8 Polearms
 + Level 4.8 Staves
 + Level 4.8 Slings
 + Level 4.8 Bows
 + Level 4.8 Crossbows
 + Level 4.8 Throwing
 + Level 4.8 Armour
 + Level 6.7 Dodging
 + Level 7.7 Stealth
 + Level 6.0 Shields
 + Level 4.8 Unarmed Combat
 + Level 7.0 Spellcasting
 + Level 3.9 Conjurations
 + Level 6.8 Hexes
 + Level 3.9 Summonings
 + Level 3.9 Necromancy
 + Level 3.9 Translocations
 + Level 3.9 Transmutations
 + Level 3.9 Fire Magic
 + Level 3.9 Ice Magic
 + Level 3.9 Air Magic
 + Level 3.9 Earth Magic
 + Level 3.9 Poison Magic
 + Level 5.2 Invocations
 + Level 4.8 Evocations


You had 11 spell levels left.
You knew the following spells:

 Your Spells              Type           Power      Damage    Failure   Level
a - Ensorcelled Hibernat  Hex/Ice        50%        N/A       1%          2
b - Confusing Touch       Hex            30%        N/A       2%          3
c - Tukima's Dance        Hex            30%        N/A       2%          3
d - Slow                  Hex            100%       N/A       1%          1
e - Dazzling Flash        Conj/Hex       50%        N/A       4%          3

Your spell library contained the following spells:

 Spells                   Type           Power      Damage    Failure   Level
 Gell's Gravitas          Tloc           20%        N/A       8%          3
 Lesser Beckoning         Tloc           20%        N/A       8%          3
 Teleport Other           Tloc           20%        N/A       8%          3
 Vampiric Draining        Necr           20%        2d7       8%          3
 Hailstorm                Conj/Ice       20%        3d6       24%         4
 Ice Form                 Ice/Tmut       20%        N/A       24%         4
 Dispersal                Tloc           10%        N/A       97%         6
 Simulacrum               Ice/Necr       10%        N/A       97%         6


Dungeon Overview and Level Annotations

Branches:
Dungeon (9/15)             Temple (1/1) D:7
   Lair: D:8-11         Orc: D:9-12

Altars:
Ashenzari
Cheibriados
Dithmenos
Elyvilon
Hepliaklqana
Kikubaaqudgha
Makhleb
Nemelex Xobeh
Okawaru
Qazlal
Ru
Sif Muna
Trog
Uskayaw
Yredelemnul
Zin
The Shining One

Annotations:
D:2 Terence
D:3 1 runed translucent door, Crazy Yiuf


Innate Abilities, Weirdness & Mutations

You have very sharp teeth.
Your uncanny sense of smell can sniff out nearby items.
Your experience applies equally to all skills.


Message History

The steam dragon claws you but does no damage.
The gnoll closely misses you.
You hit the gnoll. You freeze the gnoll.
You kill the gnoll!
You barely miss the steam dragon.
The steam dragon is moderately wounded.
The steam dragon bites you.
* * * LOW HITPOINT WARNING * * *
The steam dragon claws you but does no damage.
You hit the steam dragon but do no damage.
The steam dragon is moderately wounded.
The steam dragon closely misses you.
The steam dragon claws you but does no damage.
You barely miss the steam dragon.
The steam dragon is moderately wounded.
You hit the steam dragon. You freeze the steam dragon.
The steam dragon is heavily wounded.
The steam dragon breathes steam at you. The ball of steam hits you. You resist.
* * * LOW HITPOINT WARNING * * *
You hear a shout!
You hit the steam dragon but do no damage.
The steam dragon is heavily wounded.
The steam dragon bites you.
* * * LOW HITPOINT WARNING * * *
The steam dragon barely misses you.
You hit the steam dragon. You freeze the steam dragon.
The steam dragon is heavily wounded.
Okay, then.
Casting: Slow (safe; 1% risk of failure)
Confirm with . or Enter, or press ? or * to list all spells.
Okay, then.
The steam dragon bites you.
* * * LOW HITPOINT WARNING * * *
The steam dragon claws you.
* * * LOW HITPOINT WARNING * * *
You climb upwards.
The wyvern zombie bites you but does no damage.
The wyvern zombie bites you!
You die...

#...#########.##
#...##........#
#####...##.#####..####
.#...........###......#
...............#......#
#...........#........#
#####...##...........#
####.D.####......^.)#
..#@Z.# #..........
#.#...# #...#...###
####.##.## #######.##.
#....g))# #....
#)##$#### #<.#.
#..Z....# #.<##
..g...... #.. #
.......#.# ##.
........# #.


You could see a steam dragon (slow, catching breath) and a wyvern zombie.

Vanquished Creatures
  Harold (D:8)
  A yak (D:5)
  A water moccasin (D:7)
  A black bear (D:6)
  2 sky beasts
  An ogre (D:5)
  A centaur (D:6)
  4 phantoms
  A kobold brigand (D:7)
  3 gnoll sergeants
  4 scorpions
  3 water moccasin skeletons
  3 howler monkeys (D:6)
  2 wights (D:6)
  A bullfrog zombie (D:6)
  2 orc priests
  A jelly (D:7)
  A gnoll shaman (D:8)
  3 iron imps (D:3)
  An iguana (D:5)
  5 orc wizards
  15 gnolls
  8 adders
  A howler monkey skeleton (D:7)
  A shadow imp (D:5)
  A white imp (D:5)
  An ufetubus (D:6)
  A worm (D:5)
  10 orcs
  4 ball pythons
  7 endoplasms
  3 giant cockroaches
  8 goblins
  7 hobgoblins
  8 jackals
  3 quokkas
  6 bats
  11 kobolds
  8 rats
145 creatures vanquished.

Vanquished Creatures (collateral kills)
  2 wights (D:7)
  4 gnolls
  An orc (D:9)
  A goblin (D:7)
  A kobold (D:8)
9 creatures vanquished.

Vanquished Creatures (others)
  5 dancing weapons (D:8)
  A butterfly (D:7)
6 creatures vanquished.

Grand Total: 160 creatures vanquished

Notes
Turn   | Place    | Note
-------+----------+-------------------------------------------
     0 | D:1      | croobank the Gnoll Enchanter began the quest for the Orb.
     0 | D:1      | Reached XP level 1. HP: 13/13 MP: 6/6
   154 | D:1      | Reached XP level 2. HP: 13/19 MP: 7/7
   252 | D:1      | Learned a level 2 spell: Ensorcelled Hibernation
   780 | D:1      | Reached XP level 3. HP: 20/25 MP: 9/9
   784 | D:1      | Learned a level 3 spell: Confusing Touch
   924 | D:1      | Reached skill level 5 in Spellcasting
   983 | D:2      | Noticed a phantom
  1062 | D:2      | Reached skill level 1 in Invocations
  1236 | D:2      | Reached skill level 1 in Fighting
  1236 | D:2      | Reached skill level 1 in Long Blades
  1236 | D:2      | Reached skill level 1 in Axes
  1236 | D:2      | Reached skill level 1 in Maces & Flails
  1236 | D:2      | Reached skill level 1 in Polearms
  1236 | D:2      | Reached skill level 1 in Staves
  1236 | D:2      | Reached skill level 1 in Slings
  1236 | D:2      | Reached skill level 1 in Bows
  1236 | D:2      | Reached skill level 1 in Crossbows
  1236 | D:2      | Reached skill level 1 in Throwing
  1236 | D:2      | Reached skill level 1 in Armour
  1236 | D:2      | Reached skill level 1 in Shields
  1236 | D:2      | Reached skill level 1 in Unarmed Combat
  1236 | D:2      | Reached skill level 1 in Evocations
  1265 | D:2      | Found a faded altar of an unknown god.
  1457 | D:2      | Noticed Terence
  1465 | D:2      | Reached XP level 4. HP: 27/32 MP: 11/11
  1969 | D:3      | Found a runed translucent door.
  1970 | D:3      | Noticed Crazy Yiuf
  2140 | D:3      | Reached skill level 1 in Conjurations
  2140 | D:3      | Reached skill level 1 in Summonings
  2140 | D:3      | Reached skill level 1 in Necromancy
  2140 | D:3      | Reached skill level 1 in Translocations
  2140 | D:3      | Reached skill level 1 in Transmutations
  2140 | D:3      | Reached skill level 1 in Fire Magic
  2140 | D:3      | Reached skill level 1 in Ice Magic
  2140 | D:3      | Reached skill level 1 in Air Magic
  2140 | D:3      | Reached skill level 1 in Earth Magic
  2140 | D:3      | Reached skill level 1 in Poison Magic
  2198 | D:3      | Learned a level 3 spell: Tukima's Dance
  2219 | D:3      | Found a burning altar of Makhleb.
  2253 | D:3      | Reached XP level 5. HP: 20/37 MP: 8/12
  2692 | D:4      | Noticed a phantom
  2771 | D:4      | Reached XP level 6. HP: 41/44 MP: 8/13
  3111 | D:4      | Reached skill level 5 in Dodging
  3284 | D:4      | Learned a level 1 spell: Slow
  3569 | D:4      | Learned a level 3 spell: Dazzling Flash
  3576 | D:5      | Entered Level 5 of the Dungeon
  3607 | D:5      | Found an iron altar of Okawaru.
  3615 | D:5      | Found a broken altar of Ashenzari.
  4421 | D:5      | Reached XP level 7. HP: 42/50 MP: 12/15
  4669 | D:5      | Found a snail-covered altar of Cheibriados.
  5608 | D:5      | Noticed a yak
  5643 | D:5      | Killed a yak
  5656 | D:5      | Reached XP level 8. HP: 16/57 MP: 4/16
  7467 | D:6      | Found a shadowy altar of Dithmenos.
  7505 | D:6      | Found a glowing golden altar of the Shining One.
  7618 | D:6      | Found a sacrificial altar of Ru.
  7872 | D:7      | Reached XP level 9. HP: 12/65 MP: 1/18
  8705 | D:6      | Reached skill level 5 in Shields
  8721 | D:7      | Reached skill level 5 in Short Blades
  9044 | D:7      | Found a staircase to the Ecumenical Temple.
  9057 | Temple   | Entered the Ecumenical Temple
  9064 | Temple   | Became a worshipper of Hepliaklqana the Forgotten
  9213 | D:7      | Found a white marble altar of Elyvilon.
  9377 | D:7      | Found a glowing silver altar of Zin.
  9433 | D:8      | Noticed Harold
  9887 | D:8      | Killed Harold
  9888 | D:8      | Reached skill level 5 in Invocations
 10613 | D:9      | Reached XP level 10. HP: 73/73 MP: 16/20
 10681 | D:8      | Slain by a wyvern zombie

Illustrated notes

Levels and vault maps discovered:
D:1:      ncdulo_watergridlock, layout_loops_ring
D:2:      layout_loops_ring, hellmonk_ecumenical_altar_inner_sanctum,
          uniq_terence
D:3:      layout_basic, demons_altar, grunt_decor_mini_mirrors,
          uniq_crazy_yiuf_cottage
D:4:      layout_loops_ring
D:5:      layout_basic, mainiacjoe_overflow_alcove_2,
          mainiacjoe_overflow_catwalk_spiral, minmay_manual_mullet
D:6:      layout_cave_pools, lemuel_coloured_pillars_altar,
          nicolae_ru_path_of_blood, mainiacjoe_overflow_paths, corner_web_ring,
          hangedman_decor_lopped, hangedman_decor_opposing
D:7:      layout_cave_pools, zin_treasury, nicolae_elyvilon_peaceful_grove,
          minmay_temple_entry_stoned_glass, enter_bailey_7,
          minmay_misc_feat_pillars
D:8:      layout_loops_cross, mainiacjoe_overflow_big_doors,
          grunt_ministairs_15, kennysheep_small_square, uniq_psyche, uniq_harold
D:9:      layout_big_octagon, david_lair_shrubbed, nrook_loot_triangle
Temple:   eino_temple_lava

Skill      XL: |  1  2  3  4  5  6  7  8  9 |
---------------+----------------------------+-----
Spellcasting   | 5 6 7 |  7.0
Stealth        | 6 7 |  7.7
Invocations    | 1 2 3 4 5 |  5.2
Fighting       | 1 2 3 4 |  4.8
Long Blades    | 1 2 3 4 |  4.8
Axes           | 1 2 3 4 |  4.8
Maces & Flails | 1 2 3 4 |  4.8
Polearms       | 1 2 3 4 |  4.8
Staves         | 1 2 3 4 |  4.8
Slings         | 1 2 3 4 |  4.8
Bows           | 1 2 3 4 |  4.8
Crossbows      | 1 2 3 4 |  4.8
Throwing       | 1 2 3 4 |  4.8
Armour         | 1 2 3 4 |  4.8
Shields        | 1 2 4 6 |  6.0
Unarmed Combat | 1 2 3 4 |  4.8
Evocations     | 1 2 3 4 |  4.8
Conjurations   | 1 2 3 |  3.9
Summonings     | 1 2 3 |  3.9
Necromancy     | 1 2 3 |  3.9
Translocations | 1 2 3 |  3.9
Transmutations | 1 2 3 |  3.9
Fire Magic     | 1 2 3 |  3.9
Ice Magic      | 1 2 3 |  3.9
Air Magic      | 1 2 3 |  3.9
Earth Magic    | 1 2 3 |  3.9
Poison Magic   | 1 2 3 |  3.9
Short Blades   | 3 4 5 |  5.5
Dodging        | 5 6 |  6.7
Hexes          | 6 |  6.8

Action                   |  1- 3 |  4- 6 |  7- 9 | 10-12 || total
-------------------------+-------+-------+-------+-------++-------
Melee: Dagger            |   159 |   272 |    51 |       ||   482
       Bite              |    16 |    22 |    65 |     5 ||   108
       Punch             |     4 |     3 |    10 |     1 ||    18
       Flail             |       |       |   314 |       ||   314
       Falchion          |       |       |    92 |    32 ||   124
 Fire: Hunting sling     |       |       |     2 |       ||     2
 Cast: Confusing Touch   |     1 |    14 |    42 |     1 ||    58
       Slow              |       |     3 |     7 |     1 ||    11
       Ensorcelled Hiber |       |     2 |    26 |     1 ||    29
       Tukima's Dance    |       |       |    15 |     3 ||    18
       Dazzling Flash    |       |       |     4 |       ||     4
  Use: Scroll            |     2 |     6 |     6 |       ||    14
       Potion            |     2 |       |     6 |       ||     8
 Stab: Sleeping          |    11 |     8 |    10 |       ||    29
       Invisible         |     2 |       |     4 |       ||     6
       Confused          |       |    12 |    20 |       ||    32
Armor: Robe              |     4 |       |       |       ||     4
       Ring mail         |    55 |    75 |   301 |    28 ||   459
Dodge: Dodged            |    81 |   144 |   369 |    29 ||   623
